 Dungeon Crawl Stone Soup version 0.31-a0-968-g24f9ace8b5 (webtiles) character file.

Game seed: 1863009308713959907

15 croobank the Sneak (level 2, 0/26 HPs)
             Began as a Draconian Delver on Oct 27, 2023.
             Killed from afar by Terence (5 damage)
             ... with a puff of flame
             ... on level 3 of the Dungeon.
             The game lasted 00:01:50 (444 turns).

croobank the Sneak (Draconian Delver)                Turns: 444, Time: 00:01:51

Health: 0/26       AC:  4    Str: 14    XL:     2   Next: 34%
Magic:  2/2        EV: 12    Int: 10    God:
Gold:   41         SH:  0    Dex: 12    Spells: 1/1 levels left

rFire   . . .        a - +0 short sword
rCold   . . .        (no shield)
rNeg    . . .        (body armour unavailable)
rPois   .            (helmet restricted)
rElec   .            (no cloak)
rCorr   .            (no gloves)
SInv    .            (no boots)
Will    .....        (no amulet)
Stlth   +++          (no ring)
HPRegen 0.24/turn    (no ring)
MPRegen 0.08/turn

%: no passive effects
@: hasted, very quick
A: AC +4, unfitting armour, cold-blooded
a: no special abilities


You were on level 3 of the Dungeon.
You visited 1 branch of the dungeon, and saw 4 of its levels.

You collected 41 gold pieces.

Inventory:

Hand Weapons
 a - a +0 short sword (weapon)
 g - a +0 broad axe
Wands
 f - a wand of digging (2)
Scrolls
 b - a scroll of fog
 c - a scroll of fear
 h - a scroll of silence {unknown}
Potions
 d - a potion of ambrosia {unknown}
 i - 2 potions of curing {unknown}
 j - a potion of lignification {unknown}


   Skills:
 + Level 3.5 Fighting
 + Level 2.2 Short Blades
 + Level 2.0 Dodging
 + Level 4.7 Stealth


You had one spell level left.
You didn't know any spells.
Your spell library contained the following spells:

 Spells                   Type           Power      Damage    Failure   Level
 Poisonous Vapours        Pois/Air       0%         N/A       50%         2
 Mephitic Cloud           Conj/Pois/Air  0%         N/A       75%         3
 Freezing Cloud           Conj/Ice/Air   0%         6-21      100%        5


Dungeon Overview and Level Annotations

Branches:
Dungeon (6/15)
 Temple: D:4-7

Altars:
Fedhas
Vehumet

Annotations:
D:3 Terence


Innate Abilities, Weirdness & Mutations

Your plain brown scales are hard. (AC +4)
You cannot fit into any form of body armour.
You are cold-blooded and may be slowed by cold attacks.


Message History

The endoplasm quivers.
Found a dagger.
There is a stone staircase leading down here.
An endoplasm is nearby!
You hit the endoplasm. You tail-slap the endoplasm.
The endoplasm is almost dead.
You hit the endoplasm.
You kill the endoplasm!
No target in view!
No target in view!
Terence the Incautious comes into view.
He is wielding a +0 hand axe and carrying a wand of flame.
The helpless Terence fails to defend himself.
You puncture Terence!
Terence is heavily wounded.
Terence closely misses you.
You feel yourself speed up. Terence hits you but does no damage.
You hit Terence but do no damage.
Terence is heavily wounded.
Terence barely misses you.
You barely miss Terence.
Terence is heavily wounded.
You barely miss Terence.
Your tail-slap misses Terence.
Terence is heavily wounded.
Terence zaps a wand.
The puff of flame hits you.
You hit Terence but do no damage.
Terence is heavily wounded.
You hit Terence but do no damage.
You tail-slap Terence, but do no damage.
Terence is heavily wounded.
Terence hits you with a +0 hand axe!
You hit Terence but do no damage. You tail-slap Terence.
Terence is severely wounded.
You hit Terence.
Your tail-slap misses Terence.
Terence is almost dead.
Terence zaps a wand.
The puff of flame hits you!
* * * LOW HITPOINT WARNING * * *
You hit Terence but do no damage.
Terence is almost dead.
Terence zaps a wand.
The puff of flame hits you.
You die...

..... # ....
#. ..# #.
#.## ####.
#)##..#......
#####....>..#
........#####
#######.#####
#.......@..#
#........@.#
#..........#
######.......
#.####### ###


You could see Terence.

Vanquished Creatures
  An adder (D:6)
  A dart slug (D:4)
  An endoplasm (D:3)
  A quokka (D:5)
  A kobold (D:4)
5 creatures vanquished.

Notes
Turn   | Place    | Note
-------+----------+-------------------------------------------
     0 | D:5      | croobank the Draconian Delver began the quest for the Orb.
     0 | D:5      | Reached XP level 1. HP: 19/19 MP: 1/1
    15 | D:6      | Reached XP level 2. HP: 26/26 MP: 2/2
   162 | D:5      | Noticed a centaur
   346 | D:4      | Found a radiant altar of Vehumet.
   347 | D:4      | Found a blossoming altar of Fedhas.
   432 | D:3      | Noticed Terence
   444 | D:3      | Killed from afar by Terence

Illustrated notes

Levels and vault maps discovered:
D:3:      layout_basic, nicolae_uskayaw_suspiria, serial_shops, shop,
          minmay_pentangle, uniq_natasha, uniq_terence
D:4:      layout_basic, mainiacjoe_overflow_divided_tiny, minivault_19,
          uniq_blork_the_orc
D:5:      layout_loops_ring, serial_aquarium, aquarium_bridge_long_separate
          [aquarium_subvault_wall, aquarium_subvault_bridge,
          aquarium_subvault_window, aquarium_subvault_balcony,
          aquarium_subvault_wall, aquarium_subvault_bridge], aquarium_window_2,
          aquarium_window_2, aquarium_window_1, aquarium_view_2b,
          aquarium_view_2b, aquarium_balcony_double_1, cheibrodos_gnoll_hut,
          uniq_ijyb
D:6:      layout_loops_ring, amcnicky_altar_gilded,
          mainiacjoe_overflow_24_doors, minivault_14, minmay_between

Skill      XL: |  1 |
---------------+----+-----
Dodging        | 2 |  2.0
Fighting       | |  3.5
Short Blades   | |  2.2
Stealth        | |  4.7

Action                     || total
---------------------------++-------
  Melee: Short sword       ||    19
         Tailslap          ||     3
  Evoke: Wand              ||     1
    Use: Scroll            ||     2
         Potion            ||     1
   Stab: Sleeping          ||     4
 Armour: Skin              ||     9
  Dodge: Dodged            ||     5

Table legend: (Time is in decaauts)
 A = Elapsed time spent in this place.
 B = Non-inter-level travel time spent in this place.
 C = Inter-level travel time spent in this place.
 D = Time resting spent in this place.
 E = Time spent auto-exploring this place.
 F = Levels seen in this place.
 G = Mean time per level.
                   A        B        C        D        E       F      G
               +--------+--------+--------+--------+--------+-----+--------+
         Total |    438 |    433 |      5 |      0 |    235 |   4 |  109.5 |
       Dungeon |    438 |    433 |      5 |      0 |    235 |   4 |  109.5 |
               +--------+--------+--------+--------+--------+-----+--------+

Top non-repeatable levels by time:
     D:4: 213 daAuts
     D:5: 166 daAuts
     D:6: 44 daAuts
     D:3: 14 daAuts
